 Dungeon Crawl Stone Soup version 0.28.0-45-g0d030f2227 (webtiles) character file.

Game seed: 9488012403522043343

2765 RascalDebosk the Skirmisher (level 9, -2/80 HPs)
             Began as a Minotaur Berserker on Apr 16, 2022.
             Was a Believer of Trog.
             Slain by an orc warrior
             ... wielding a +0 glaive
              (12 damage)
             ... on level 6 of the Dungeon.
             The game lasted 00:34:12 (5188 turns).

RascalDebosk the Skirmisher (Minotaur Berserker)    Turns: 5188, Time: 00:34:13

Health: -2/80      AC: 10    Str: 30    XL:     9   Next: 42%
Magic:  8/8        EV: 11    Int:  6    God:    Trog [**....]
Gold:   277        SH:  4    Dex: 10    Spells: 8/8 levels left

rFire   . . .      SeeInvis .   a - +0 hand axe
rCold   . . .      Faith    .   z - +0 buckler
rNeg    . . .      Spirit   .   A - +0 swamp dragon scales
rPois   +          Reflect  .   (helmet restricted)
rElec   .          Harm     .   (no cloak)
rCorr   .          Rampage  .   c - +0 pair of gloves
Will    .....                   (no boots)
Stlth   ..........              (no amulet)
HPRegen 0.23/turn               b - +4 ring of slaying
MPRegen 0.11/turn               m - +6 ring of strength

@: on berserk cooldown, slowed, very slow
A: horns 2, retaliatory headbutt
a: Renounce Religion, Berserk, Trog's Hand


You were on level 6 of the Dungeon.
You worshipped Trog.
Trog was pleased with you.
You visited 2 branches of the dungeon, and saw 7 of its levels.

You collected 277 gold pieces.

Inventory:

Hand Weapons
 a - a +0 hand axe (weapon)
 j - a +1 flail of venom
Missiles
 i - a throwing net
 o - 13 poisoned darts
 y - 5 boomerangs (quivered)
Armour
 c - a +0 pair of gloves (worn)
 e - a scarf of shadows
 z - a +0 buckler (worn)
 A - +0 swamp dragon scales (worn)
 B - a +0 chain mail
Jewellery
 b - a +4 ring of slaying (left hand)
 m - a +6 ring of strength (right hand)
Wands
 x - a wand of iceblast (6)
Scrolls
 d - 2 scrolls of enchant weapon {unknown}
 g - a scroll of enchant armour {unknown}
 h - 5 scrolls of fog
 n - a scroll of noise {unknown}
 q - a scroll of magic mapping
 r - 2 scrolls of teleportation
Potions
 f - a potion of ambrosia
 k - 4 potions of heal wounds {unknown}
 l - a potion of flight {unknown}
 p - 2 potions of curing {unknown}
 s - 2 potions of brilliance {unknown}
 t - a potion of lignification {unknown}
 u - a potion of magic {unknown}
 v - 2 potions of might {unknown}


   Skills:
 + Level 7.7 Fighting
 + Level 7.7 Axes
 + Level 5.4 Throwing
 + Level 7.3 Armour
 - Level 2.1 Dodging
 + Level 2.6 Shields
 + Level 5.0 Evocations


You had 8 spell levels left.
You didn't know any spells.
Your spell library was empty.

Dungeon Overview and Level Annotations

Branches:
Dungeon (6/15)             Temple (1/1) D:4

Altars:
Ashenzari
Cheibriados
Dithmenos
Elyvilon
Fedhas
Hepliaklqana
Kikubaaqudgha
Makhleb
Nemelex Xobeh
Okawaru
Qazlal
Ru
Sif Muna
Trog
Uskayaw
Vehumet
Wu Jian
Xom
Yredelemnul
Zin
The Shining One

Shops:
D:2 [


Innate Abilities, Weirdness & Mutations

You have a pair of horns on your head.
You reflexively headbutt those who attack you in melee.


Message History

The hound misses you.
You closely miss the hound.
The hound is severely wounded.
The hound barely misses you. The hound closely misses you.
You slash the hound!
You kill the hound!
Trog accepts your kill.
Things that are here:
a +0 spear; a gnoll corpse You now have 277 gold pieces (gained 17).
An orc priest comes into view. It is wielding a +0 hand axe.
The orc priest shouts!
An orc warrior comes into view.
It is wielding a +0 glaive and wearing a +2 plate armour of fire resistance.
An orc comes into view. It is wielding a +0 short sword.
The orc shouts!
The orc priest casts a cantrip, but nothing happens.
The orc priest hits you but does no damage.
You block the orc warrior's attack.
The orc priest hits you but does no damage.
You closely miss the orc priest. You slash the orc!
You kill the orc!
Trog accepts your kill.
You hit the orc warrior.
The orc warrior hits you with a +0 glaive!
The orc priest mumbles some strange prayers to Beogh against you.
Beogh smites you!
The orc warrior hits you with a +0 glaive.
The orc priest invokes the aid of Beogh against you.
Pain shoots through your body!
You slash the orc priest!
The orc priest is heavily wounded.
You hit the orc warrior but do no damage.
The orc warrior hits you with a +0 glaive!
* * * LOW HITPOINT WARNING * * *
The orc priest hits you with a +0 hand axe.
* * * LOW HITPOINT WARNING * * *
The orc warrior hits you but does no damage.
The orc priest hits you but does no damage.
The orc warrior hits you with a +0 glaive!
You die...

.......................#
..e....................# #
.....)..............)..##.#.
[...................)).......
...................))..##.#..
........................# ..
........................# ..
...............)........# #
...............o@.......#
..S............o........#
...............#
......:........#
.................
..............##..
..............# ##
..............#


You could see an orc warrior and an orc priest.

Vanquished Creatures
  Pikel (D:4)
  Maggie (D:6)
  Grinder (D:4)
  Edmund (D:4)
  2 water moccasins
  Duvessa (D:6)
  A sky beast (D:6)
  A black bear (D:3)
  2 ice beasts
  A centaur (D:5)
  An ogre (D:4)
  2 phantoms
  A lemure (D:4)
  A bullfrog (D:6)
  A gnoll sergeant (D:6)
  3 scorpions
  Dowan (D:6)
  A centaur zombie (D:6)
  2 hounds (D:6)
  A bullfrog skeleton (D:5)
  2 jellies
  An iguana (D:5)
  An orc wizard (D:6)
  A hound zombie (D:5)
  5 gnolls (D:6)
  8 adders
  A white imp (D:5)
  An ufetubus (D:5)
  2 dart slugs
  6 orcs (D:6)
  7 endoplasms
  A giant cockroach (D:4)
  4 goblins
  7 hobgoblins
  6 jackals (D:3)
  3 quokkas
  5 ball pythons
  2 bats
  4 kobolds
  8 rats
101 creatures vanquished.

Notes
Turn   | Place    | Note
-------+----------+-------------------------------------------
     0 | D:1      | RascalDebosk the Minotaur Berserker began the quest for the
                  | Orb.
     0 | D:1      | Reached XP level 1. HP: 19/19 MP: 0/0
   157 | D:1      | Reached XP level 2. HP: 23/27 MP: 1/1
   241 | D:1      | Found a faded altar of an unknown god.
   242 | D:1      | You fall into a shaft and drop 1 floor!
   472 | D:2      | Reached ** piety under Trog
   478 | D:2      | Found Lehaavim's Armour Shoppe.
   528 | D:2      | Reached skill level 1 in Throwing
   581 | D:2      | Reached XP level 3. HP: 33/33 MP: 2/2
  1012 | D:3      | Noticed a black bear
  1021 | D:3      | Killed a black bear
  1022 | D:3      | Reached skill level 1 in Evocations
  1022 | D:3      | Reached XP level 4. HP: 32/41 MP: 3/3
  1265 | D:3      | Reached XP level 5. HP: 43/47 MP: 4/4
  2083 | D:4      | Noticed an ogre
  2089 | D:4      | Killed an ogre
  2090 | D:4      | Reached skill level 5 in Fighting
  2090 | D:4      | Reached skill level 5 in Axes
  2090 | D:4      | Reached XP level 6. HP: 56/56 MP: 5/5
  2350 | D:4      | Noticed Pikel
  2365 | D:4      | Killed Pikel
  2366 | D:4      | Reached skill level 5 in Armour
  2366 | D:4      | Reached XP level 7. HP: 62/62 MP: 6/6
  2717 | D:4      | Found a staircase to the Ecumenical Temple.
  2740 | Temple   | Entered the Ecumenical Temple
  3138 | D:4      | Noticed Grinder
  3143 | D:4      | Killed Grinder
  3144 | D:4      | Reached XP level 8. HP: 69/70 MP: 7/7
  3171 | D:4      | Noticed Edmund
  3197 | D:4      | Killed Edmund
  3404 | D:5      | Entered Level 5 of the Dungeon
  4587 | D:6      | Noticed Dowan
  4632 | D:6      | Noticed Maggie
  4647 | D:6      | Killed Maggie
  4648 | D:6      | Reached skill level 5 in Throwing
  4648 | D:6      | Reached skill level 1 in Shields
  4648 | D:6      | Reached XP level 9. HP: 45/79 MP: 8/8
  4901 | D:6      | Noticed Duvessa
  4930 | D:6      | Killed Duvessa
  4936 | D:6      | Killed Dowan
  5159 | D:6      | Reached skill level 5 in Evocations
  5188 | D:6      | Slain by an orc warrior

Illustrated notes

Levels and vault maps discovered:
D:1:      dpeg_arrival_tiny_f, layout_rooms, basic_ecumenical_altar,
          hangedman_decor_clover_reticule
D:2:      layout_loops_ring, serial_shops, nicolae_shop_advertising_works
          [nicolae_subvault_shop_adworks]
D:3:      layout_loops_ring
D:4:      layout_loops_ring, minmay_temple_entry_junction, uniq_pikel,
          uniq_edmund, uniq_grinder
D:5:      layout_basic
D:6:      layout_basic, uniq_maggie, uniq_duvessa, uniq_blork_the_orc
Temple:   mainiacjoe_temple_trianglar_array

Skill      XL: |  1  2  3  4  5  6  7  8  9 |
---------------+----------------------------+-----
Fighting       | 4 5 6 7 |  7.7
Throwing       | 1 2 3 4 5 |  5.4
Axes           | 4 5 6 7 |  7.7
Armour         | 3 4 5 6 7 |  7.3
Evocations     | 1 2 3 4 5 |  5.0
Shields        | 1 2 |  2.6
Dodging        | |  2.1

Action                   |  1- 3 |  4- 6 |  7- 9 || total
-------------------------+-------+-------+-------++-------
Melee: Hand axe          |    41 |    70 |   122 ||   233
       Headbutt          |     5 |     8 |    20 ||    33
       Punch             |     1 |       |     1 ||     2
Throw: Boomerang         |       |       |    23 ||    23
Invok: Berserk           |       |     2 |     5 ||     7
       Trog's Hand       |       |     1 |     2 ||     3
  Use: Scroll            |       |     7 |     1 ||     8
Armor: Leather armour    |    18 |     8 |     2 ||    28
       Scale mail        |       |       |    32 ||    32
       Swamp dragon scal |       |       |    28 ||    28
Dodge: Dodged            |    34 |    37 |    53 ||   124
Block: Buckler           |       |       |    15 ||    15
